 Dungeon Crawl Stone Soup version 0.22.1-2-g9c5b331 (webtiles) character file.

128 lysyklops the Sneak (level 4, 0/21 HPs)
             Began as a Spriggan Enchanter on Dec 18, 2018.
             Slain by Natasha (3 damage)
             ... on level 3 of the Dungeon.
             The game lasted 00:05:46 (2313 turns).

lysyklops the Sneak (Spriggan Enchanter)            Turns: 2313, Time: 00:05:47

Health: 0/21       AC:  2    Str:  4    XL:     4   Next: 86%
Magic:  3/10       EV: 19    Int: 17    God:
Gold:   116        SH:  0    Dex: 16    Spells: 4/10 levels left

rFire    . . .     SeeInvis +   f - +0 dagger (freeze)
rCold    . . .     Gourm    .   (shield restricted)
rNeg     . . .     Faith    .   b - +0 robe
rPois    .         Spirit   .   (helmet restricted)
rElec    .         Reflect  .   (no cloak)
rCorr    .         Harm     .   (gloves unavailable)
MR       .....                  (boots unavailable)
Stlth    +++.......             (no amulet)
HPRegen  0.07/turn              (no ring)
MPRegen  0.12/turn              (no ring)

@: very quick
A: very small, unfitting armour, see invisible, herbivore, speed 3, slow
metabolism 2
a: no special abilities


You were on level 3 of the Dungeon.
You were not hungry.

You visited 1 branch of the dungeon, and saw 3 of its levels.

You collected 116 gold pieces.

Inventory:

Hand Weapons
 a - a +1 dagger
 f - a +0 dagger of freezing (weapon)
Armour
 b - a +0 robe (worn)
Wands
 o - a wand of random effects (32)
Scrolls
 e - 2 scrolls of identify {unknown}
 h - 3 scrolls of remove curse {unknown}
 j - a scroll of enchant armour {unknown}
 k - a scroll of teleportation {unknown}
 m - a scroll of fog {unknown}
 n - a scroll of enchant weapon {unknown}
 q - a scroll of noise {unknown}
Potions
 c - 2 potions of curing {unknown}
 g - a potion of haste {unknown}
 i - a potion of lignification {unknown}
 l - a potion of cancellation {unknown}
 p - 2 potions of magic {unknown}
Comestibles
 d - 4 rations


   Skills:
 + Level 2.4 Short Blades
 + Level 4.2 Dodging
 + Level 5.5 Stealth
 + Level 3.6 Spellcasting
 + Level 4.4 Hexes


You had 4 spell levels left.
You knew the following spells:

 Your Spells              Type           Power        Failure   Level  Hunger
a - Corona                Hex            ###....      2%          1    None
b - Ensorcelled Hibernat  Hex/Ice        ##....       10%         2    ##.....
c - Confuse               Hex            ###.....     8%          3    ###....

Your spell library contained the following spells:

 Spells                   Type           Power        Failure   Level  Hunger
 Tukima's Dance           Hex            ###.....     8%          3    ###....
 Dazzling Spray           Conj/Hex       ##....       21%         3    ###....


Dungeon Overview and Level Annotations

Branches:
Dungeon (3/15)

Altars:
Wu Jian
Yredelemnul

Annotations:
D:3 Natasha


Innate Abilities, Weirdness & Mutations

You are very small and have problems with some larger weapons.
You are too small for most types of armour.
You have supernaturally acute eyesight. (SInv)
You are a herbivore.
You cover ground extremely quickly.
You need to consume almost no food.


Message History

Confirm with . or Enter, or press ? or * to list all spells.
Aiming: Ensorcelled Hibernation (safe; 10% risk of failure)
Press: ? - help, Shift-Dir - straight line, f/p - Natasha
Aim: Natasha (lightly wounded, chance to defeat MR: 41%) Natasha resists with some effort.
Natasha mumbles some strange words.
You feel disoriented.
Natasha stares at you and mumbles some strange words.
The magic dart hits you!
* * * LOW HITPOINT WARNING * * *
Casting: Ensorcelled Hibernation (safe; 10% risk of failure)
Confirm with . or Enter, or press ? or * to list all spells.
Aiming: Confuse (safe; 8% risk of failure)
Press: ? - help, Shift-Dir - straight line, f/p - Natasha
Aim: Natasha (lightly wounded, chance to defeat MR: 49%) Natasha appears confused.
You barely miss Natasha.
Natasha is lightly wounded.
Natasha claws you.
You die...

##### #.# ...#.
##>###... #. (...
..$ .. # #..# #.#
.#..
#.#.###..###.##...%.
.. .......h@...#
#.###..###.####.#
#..†>...........#
#.##.#.#..<###...#
#.##.#...#.# .#
#............
####.####.####
#.####.# . #......#


You could see Natasha (confused).

Vanquished Creatures
  Ijyb (D:2)
  5 adders
  2 worms (D:2)
  4 leopard geckos
  4 bats
  2 giant cockroaches
  2 hobgoblins
  6 kobolds
  A quokka (D:2)
  A frilled lizard (D:1)
  14 goblins
  A goblin skeleton (D:2)
  A kobold zombie (D:2)
  5 rats
49 creatures vanquished.

Vanquished Creatures (others)
  A hobgoblin (D:2)
  A kobold (D:2)
2 creatures vanquished.

Grand Total: 51 creatures vanquished

Notes
Turn   | Place    | Note
-------+----------+-------------------------------------------
     0 | D:1      | lysyklops the Spriggan Enchanter began the quest for the
                  | Orb.
     0 | D:1      | Reached XP level 1. HP: 9/9 MP: 5/5
   256 | D:1      | Reached XP level 2. HP: 13/13 MP: 6/6
   266 | D:1      | Learned a level 2 spell: Ensorcelled Hibernation
   957 | D:2      | Found an ornate altar of the Wu Jian Council.
  1040 | D:2      | Found a runed door.
  1040 | D:2      | Noticed a human
  1064 | D:2      | Reached XP level 3. HP: 15/16 MP: 1/8
  1133 | D:2      | Found a basalt altar of Yredelemnul.
  1171 | D:2      | Reached skill level 5 in Stealth
  1545 | D:2      | Learned a level 3 spell: Confuse
  1556 | D:2      | Reached XP level 4. HP: 18/21 MP: 6/10
  1910 | D:2      | Noticed Ijyb
  2060 | D:2      | Killed Ijyb
  2213 | D:3      | Noticed Natasha
  2313 | D:3      | Slain by Natasha

Skill      XL: |  1  2  3  4 |
---------------+-------------+-----
Spellcasting   | 3 |  3.6
Hexes          | 4 |  4.4
Stealth        | 5 |  5.5
Short Blades   | 2 |  2.4
Dodging        | 4 |  4.2

Action                   |  1- 3 |  4- 6 || total
-------------------------+-------+-------++-------
Melee: Dagger            |   115 |    78 ||   193
 Cast: Ensorcelled Hiber |     7 |     5 ||    12
       Confuse           |       |     4 ||     4
 Stab: Sleeping          |    18 |     5 ||    23
       Distracted        |     1 |       ||     1
       Confused          |       |     1 ||     1
Armor: Robe              |     9 |     4 ||    13
Dodge: Dodged            |    64 |    50 ||   114
